 Dungeon Crawl Stone Soup version 0.21-a0-496-g696f58f (webtiles) character file.

60 slep the Twirler (level 4, 0/37 HPs)
             Began as a Hill Orc Gladiator on Nov 23, 2017.
             Was an Initiate of Okawaru.
             Slain by a bat (1 damage)
             ... on level 3 of the Dungeon.
             The game lasted 00:04:16 (801 turns).

slep the Twirler (Hill Orc Gladiator)                Turns: 801, Time: 00:04:17

Health: 0/37       AC:  7    Str: 16    XL:     4   Next: 4%
Magic:  4/4        EV: 10    Int:  8    God:    Okawaru [......]
Gold:   71         SH:  0    Dex: 13    Spells: 3/3 levels left

rFire    . . .     SeeInvis .   h - +0 whip
rCold    . . .     Gourm    .   (no shield)
rNeg     . . .     Faith    .   m - +0 scale mail
rPois    .         Spirit   .   c - +0 helmet
rElec    .         Reflect  .   (no cloak)
rCorr    .         Harm     .   (no gloves)
MR       .....                  (no boots)
Stlth    ..........             (no amulet)
HPRegen  0.12/turn              (no ring)
MPRegen  0.09/turn              (no ring)

@: no status effects
A: no striking features
a: Renounce Religion


You were on level 3 of the Dungeon.
You worshipped Okawaru.
Okawaru was noncommittal.
You were not hungry.

You visited 1 branch of the dungeon, and saw 3 of its levels.

You collected 71 gold pieces.

Inventory:

Hand Weapons
 a - a +0 quarterstaff
 h - a +0 whip (weapon)
Missiles
 d - 3 throwing nets (quivered)
Armour
 b - a +0 leather armour
 c - a +0 helmet (worn)
 m - a +0 scale mail (worn)
Scrolls
 i - a scroll of random uselessness {unknown}
 j - a scroll of identify
 l - a scroll of enchant armour {unknown}
 n - a scroll of fear {unknown}
Comestibles
 f - 3 bread rations
 g - a meat ration
 k - a royal jelly


   Skills:
 + Level 2.8 Fighting
 + Level 1.4(2.8) Maces & Flails
 + Level 3.0(3.2) Staves
 + Level 2.0 Throwing
 + Level 1.0 Armour
 + Level 2.9 Dodging
 + Level 0.2 Stealth


You had 3 spell levels left.
You didn't know any spells.

Dungeon Overview and Level Annotations

Branches:
Dungeon (3/15)

Altars:
Okawaru

Annotations:
D:2 Jessica


Message History

There is a stone staircase leading up here.
You hit the hobgoblin.
The hobgoblin is heavily wounded.
The hobgoblin hits you.
* * * LOW HITPOINT WARNING * * *
The hobgoblin barely misses you.
An adder comes into view.
You closely miss the hobgoblin.
The hobgoblin is heavily wounded.
The hobgoblin hits you.
* * * LOW HITPOINT WARNING * * *
You hit the hobgoblin.
You kill the hobgoblin!
Okawaru accepts your kill. The adder barely misses you.
The adder bites you but does no damage.
A bat comes into view.
You barely miss the adder.
You feel yourself speed up. The bat hits you.
You die...

# #.
#####.#
#......##
#.†@#
#.bS#
#.#.#
......
### #.#
#.# #.#
..#


You could see an adder and a bat.

Vanquished Creatures
  2 adders (D:2)
  A worm (D:2)
  2 leopard geckos (D:2)
  A ball python (D:2)
  4 bats
  A giant cockroach (D:2)
  6 goblins
  4 hobgoblins
  4 jackals (D:2)
  A frilled lizard (D:1)
  6 kobolds (D:1)
32 creatures vanquished.

Vanquished Creatures (others)
  A goblin (D:2)
1 creature vanquished.

Grand Total: 33 creatures vanquished

Notes
Turn   | Place    | Note
-------+----------+-------------------------------------------
     0 | D:1      | slep the Hill Orc Gladiator began the quest for the Orb.
     0 | D:1      | Reached XP level 1. HP: 18/18 MP: 1/1
   111 | D:1      | Reached XP level 2. HP: 9/25 MP: 2/2
   442 | D:1      | You fall through a shaft!
   587 | D:2      | Reached skill level 3 in Staves
   587 | D:2      | Reached XP level 3. HP: 21/30 MP: 3/3
   622 | D:2      | Reached skill level 1 in Maces & Flails
   734 | D:2      | Noticed Jessica
   738 | D:2      | Found an iron altar of Okawaru.
   751 | D:2      | Became a worshipper of Warmaster Okawaru
   762 | D:2      | Reached skill level 1 in Armour
   772 | D:2      | Reached XP level 4. HP: 15/37 MP: 4/4
   799 | D:3      | HP: 1/37 [hobgoblin (3)]
   801 | D:3      | Slain by a bat

Vault maps used:
D:1:      nzn_arrival_depleted_hourglass, minmay_pentomino_u4
D:2:      okawaru_gym_becter, gammafunk_temple_overflow_pools, first_bread,
          uniq_jessica
D:3:      lemuel_round_altar, nemelex_xobeh_ov_fountains_minmay,
          chequers_ecumenical_altar_island, minmay_shallow_snake_nest

Skill      XL: |  1  2  3 |
---------------+----------+-----
Staves         | 3 |  3.0
Throwing       | 2 |  2.0
Maces & Flails | 1 |  1.4
Armour         | 1 |  1.0
Fighting       | |  2.8
Dodging        | |  2.9
Stealth        | |  0.2

Action                   |  1- 3 |  4- 6 || total
-------------------------+-------+-------++-------
Melee: Whip              |   141 |    12 ||   153
       Quarterstaff      |    11 |       ||    11
  Use: Scroll            |       |     2 ||     2
 Stab: Sleeping          |     1 |       ||     1
Armor: Leather armour    |    14 |       ||    14
       Scale mail        |    58 |    13 ||    71
Dodge: Dodged            |   116 |    12 ||   128

Table legend:
 A = Spawn XP
 B = Non-spawn XP
 C = Spawn XP percentage of total XP
 D = Spawn monster count
 E = Non-spawn monster count
 F = Spawn count percentage of total count
 G = Total turns spent on level
                    A         B        C        D         E        F      G
               +---------+---------+-------+---------+---------+-------+---------
         Total |       0 |      86 |   0.0 |       0 |      32 |   0.0 |   801
               +---------+---------+-------+---------+---------+-------+---------
           D:1 |       0 |      22 |   0.0 |       0 |      14 |   0.0 |   442
           D:2 |       0 |      62 |   0.0 |       0 |      17 |   0.0 |   354
           D:3 |       0 |       2 |   0.0 |       0 |       1 |   0.0 |     5
               +---------+---------+-------+---------+---------+-------+---------
